Map: Thunderbird LE

Players

Bryson

  • Race: Terran Terran
  • League: Platinum
  • Spawn Location: 5:00

pHARM - Winner!

  • Race: Zerg Zerg
  • League: Platinum
  • Spawn Location: 11:00

VOD

Have the link to the VOD?

Description

Time

  • Played on: Aug. 3, 2019, 5:04 a.m.
  • Length: 19:10
Show
View Real Time Build Order
Export as new Build Order

Bryson Terran 

Build Orders: Mech 

Get SALT Encoding   

  12  0:01  SCV  
  13  0:13  SCV  
  14  0:17  Supply Depot  
  14  0:25  SCV  
  15  0:38  SCV  
  15  0:39  Barracks  
  16  0:50  SCV  
  17  1:02  SCV  
  18  1:14  Refinery  
  18  1:15  SCV  
  19  1:27  SCV  
  19  1:29  Marine  
  19  1:31  Command Center  
  21  1:39  SCV  
  22  1:45  Refinery  
  22  1:51  Marine  
  23  2:00  Orbital Command  
  23  2:02  Supply Depot  
  23  2:23  Marine  
  24  2:32  SCV  
  25  2:40  Command Center  
  25  2:41  Marine  
  26  2:47  SCV  
  26  2:49  SCV  
  28  2:58  Factory  
  28  3:00  SCV  
  28  3:04  Barracks Reactor  
  30  3:05  SCV  
  30  3:14  Supply Depot  
  30  3:24  SCV x2  
  31  3:30  Factory  
  31  3:36  SCV x2  
  31  3:38  Ghost Academy  
  34  3:48  SCV x2  
  35  3:57  SCV  
  35  3:59  Marine  
  35  4:00  SCV  
  35  4:02  Hellion x2  
  42  4:03  Supply Depot  
  42  4:04  SCV  
  43  4:12  SCV x2  
  43  4:14  Factory Tech Lab  
  45  4:19  Starport  
  46  4:24  SCV  
  46  4:25  Armory  
  46  4:27  Barracks Tech Lab  
  46  4:32  Supply Depot  
  46  4:34  SCV x2  
  48  4:39  SCV  
  48  4:40  Supply Depot  
  49  4:46  SCV  
  49  4:48  Refinery  
  49  4:50  Refinery  
  49  4:52  SCV x2  
  52  4:55  Ghost  
  54  5:00  Starport Tech Lab  
  54  5:08  SCV  
  54  5:10  Orbital Command  
  54  5:12  SCV  
  56  5:14  Hellion  
  58  5:24  SCV x2, Supply Depot  
  60  5:29  Terran Vehicle Weapons Level 1  
  60  5:30  Personal Cloaking  
  60  5:33  Siege Tank  
  63  5:37  SCV x2  
  63  5:42  Orbital Command  
  65  5:49  SCV x2  
  67  5:51  Hellion x2  
  67  5:55  Viking  
  72  6:05  Bunker  
  72  6:06  Siege Tank  
  75  6:13  Factory  
  75  6:16  Ghost  
  75  6:18  Hellion x2  
  81  6:21  SCV x2  
  81  6:22  SCV  
  52  6:56  Hellion x2  
  52  6:58  Banshee  
  53  7:07  Marauder  
  53  7:09  Factory Tech Lab  
  53  7:15  Siege Tank  
  56  7:29  Hellion x2  
  55  7:30  Marauder  
  57  7:39  Siege Tank, Orbital Command  
  60  7:47  Supply Depot  
  60  7:50  Supply Depot  
  60  7:51  Liberator  
  60  7:53  Supply Depot  
  60  7:55  Supply Depot  
  60  8:03  Hellion  
  62  8:06  Command Center  
  62  8:08  Siege Tank  
  62  8:09  Hellion, Supply Depot  
  62  8:10  Supply Depot  
  70  8:13  SCV x2, Supply Depot  
  65  8:32  Supply Depot  
  65  8:34  SCV x2  
  65  8:38  Siege Tank  
  65  8:40  Terran Vehicle Weapons Level 2  
  70  8:42  Siege Tank  
  70  8:46  SCV  
  70  8:47  SCV  
  75  8:58  SCV  
  75  8:59  SCV  
  77  9:03  Supply Depot  
  77  9:05  Supply Depot  
  77  9:11  SCV x2  
  77  9:13  Starport  
  79  9:17  Refinery  
  79  9:18  Refinery  
  79  9:19  SCV  
  79  9:23  SCV x2  
  82  9:31  SCV  
  83  9:38  Siege Tank  
  86  9:40  Marauder  
  86  9:43  Hellion x2  
  92  9:50  Supply Depot  
  92  9:51  Supply Depot  
  92  9:54  SCV x2  
  94  10:01  SCV  
  94  10:06  SCV x2  
  97  10:09  Marauder  
  97  10:13  Supply Depot  
  99  10:14  Starport Reactor  
  99  10:15  Siege Tank  
  99  10:16  Siege Tank  
  99  10:18  SCV x2  
  107  10:33  Engineering Bay  
  107  10:36  Viking  
  107  10:39  SCV x3  
  112  10:43  Refinery  
  112  10:46  Refinery  
  112  10:51  Hellion x2, SCV x3, Siege Tank  
  112  10:52  Siege Tank  
  113  11:07  SCV  
  113  11:08  SCV  
  115  11:11  Missile Turret  
  115  11:14  Missile Turret  
  115  11:15  Missile Turret  
  115  11:16  Missile Turret  
  115  11:18  Missile Turret  
  115  11:19  Missile Turret  
  115  11:22  Missile Turret  
  115  11:23  Missile Turret  
  115  11:29  Missile Turret, SCV x2  
  115  11:30  SCV  
  118  11:42  Orbital Command  
  118  11:44  Viking  
  118  11:45  Viking  
  118  11:46  Viking  
  124  11:48  Siege Tank  
  127  12:00  SCV x2  
  129  12:11  Hellion x2  
  129  12:13  Marauder  
  129  12:15  Siege Tank  
  138  12:16  Command Center  
  138  12:28  Terran Vehicle Weapons Level 3  
  138  12:31  Armory  
  138  12:33  Viking  
  138  12:35  Banshee  
  143  12:58  Command Center  
  143  13:06  Supply Depot  
  143  13:29  Supply Depot  
  143  13:30  Orbital Command  
  144  13:34  SCV x2  
  144  13:37  Command Center  
  144  13:38  Liberator  
  144  13:41  Marauder  
  147  13:44  Hellion  
  147  13:47  Siege Tank x2  
  155  13:49  Hellion  
  155  13:52  Supply Depot  
  160  14:02  Marauder  
  162  14:05  Hellion  
  164  14:15  Supply Depot  
  161  14:19  Siege Tank  
  161  14:23  Marauder  
  131  14:44  Hellion  
  131  14:45  Hellion x2  
  137  14:48  Viking  
  137  14:51  Hellion  
  141  15:00  Orbital Command  
  141  15:06  Hellion x3  
  147  15:12  Hellion  
  146  15:18  Raven  
  148  15:27  Hellion  
  148  15:28  Hellion x2  
  154  15:34  Hellion, Missile Turret  
  156  15:44  Command Center  
  156  15:49  Hellion x2  
  155  16:00  Refinery  
  155  16:03  Marine  
  156  16:06  Hellion  
  156  16:07  Hellion  
  156  16:10  Raven, Hellion x2  
  166  16:11  Viking x2  
  170  16:21  Marine  
  170  16:23  Planetary Fortress  
  165  16:28  Hellion x2  
  165  16:31  Hellion  
  165  16:32  Hellion  
  144  16:39  Marine  
  120  16:41  Viking x2  
  98  16:52  Raven, Siege Tank  
  97  16:57  Marine  
  96  17:11  Viking x2  
  96  17:15  Marine  
  77  17:24  Siege Tank  
  73  17:32  Marine  
  65  17:44  Siege Tank  
  65  17:46  Viking x3  
  65  17:50  Marine  
  67  17:56  Siege Tank  
  70  18:08  Marine  
  70  18:12  Hellion x2  
  70  18:16  Viking x3, Siege Tank  
  76  18:24  Orbital Command  
  76  18:26  Marine  
  77  18:28  Siege Tank  
  77  18:33  Hellion  
  77  18:34  Hellion  
  78  18:44  Marine  
Show
View Real Time Build Order
Export as new Build Order

pHARM Zerg - Winner!

Build Orders: Hatch First, Roach Hydra 

Get SALT Encoding   

  12  0:01  Drone  
  13  0:13  Overlord  
  13  0:16  Drone  
  14  0:31  Drone x2  
  16  0:35  Drone  
  17  0:54  Hatchery  
  16  1:06  Drone  
  17  1:14  Spawning Pool  
  17  1:15  Drone  
  17  1:17  Drone  
  18  1:20  Drone  
  19  1:39  Extractor  
  18  1:40  Drone  
  18  1:41  Drone  
  20  1:50  Overlord  
  20  2:05  Queen  
  20  2:06  Queen  
  20  2:08  Drone x2  
  26  2:13  Drone  
  27  2:21  Drone  
  28  2:23  Drone  
  29  2:34  Drone x2  
  31  2:48  Queen  
  31  2:50  Lair  
  33  2:59  Drone x3  
  36  3:08  Spine Crawler  
  35  3:14  Evolution Chamber  
  34  3:26  Drone x2  
  36  3:27  Overlord x2  
  36  3:32  Roach Warren  
  35  3:38  Evolution Chamber  
  34  3:44  Drone x2  
  36  3:53  Drone x5  
  36  3:54  Drone x5  
  46  4:00  Hatchery  
  45  4:05  Drone x2, Extractor  
  45  4:06  Extractor  
  45  4:09  Zerg Missile Weapons Level 1  
  45  4:11  Glial Reconstitution  
  45  4:29  Drone x3  
  48  4:38  Roach x2  
  52  4:39  Overlord  
  52  4:40  Overlord  
  52  4:58  Roach x7  
  66  5:07  Roach  
  66  5:13  Overlord  
  68  5:23  Spore Crawler  
  68  5:25  Spore Crawler  
  68  5:27  Roach x4  
  74  5:30  Overlord x2  
  74  5:42  Roach x4  
  82  6:09  Drone x3  
  82  6:10  Drone x11  
  96  6:24  Extractor  
  93  6:38  Drone x5  
  96  6:50  Drone x2  
  96  7:05  Hydralisk Den  
  96  7:07  Extractor x2  
  87  7:43  Zerg Missile Weapons Level 2  
  87  7:44  Zerg Ground Armor Level 1  
  87  7:49  Grooved Spines  
  87  7:54  Drone x3  
  87  7:55  Overlord  
  87  7:56  Overlord x6  
  90  8:13  Hatchery  
  89  8:21  Infestation Pit  
  89  8:24  Roach x2  
  89  8:25  Roach x21  
  109  8:54  Roach x6  
  109  8:55  Roach x7  
  135  9:00  Muscular Augments  
  135  9:04  Hive  
  135  9:12  Spire  
  135  9:16  Hydralisk x5  
  135  9:17  Hydralisk  
  136  9:20  Overlord x3  
  146  9:29  Hatchery  
  145  9:38  Drone  
  145  9:39  Drone x11  
  157  9:53  Hydralisk x4  
  157  9:54  Hydralisk x5  
  175  10:08  Overlord x4  
  175  10:19  Zerg Ground Armor Level 2, Zerg Missile Weapons Level 3  
  135  11:06  Hatchery  
  135  11:08  Greater Spire  
  132  11:37  Drone x4, Extractor  
  132  11:38  Drone x7  
  132  11:39  Drone x8  
  150  11:44  Extractor  
  149  11:54  Hydralisk x10  
  149  11:55  Hydralisk x11  
  191  12:19  Extractor  
  191  12:20  Extractor  
  191  12:22  Zerg Flyer Weapons Level 1  
  189  12:53  Corruptor x5  
  198  14:27  Zerg Ground Armor Level 3  
  198  14:28  Corruptor  
  198  14:29  Corruptor x7  
  166  14:38  Brood Lord x5  
  124  14:44  Hydralisk x15  
  124  14:45  Hydralisk x13  
  174  14:52  Corruptor x4  
  180  14:53  Corruptor  
  170  15:26  Brood Lord  
  170  15:27  Brood Lord x6  
  182  15:44  Brood Lord x2  
  182  15:45  Brood Lord  
  188  16:01  Hatchery  
  188  16:02  Hydralisk x7  
  199  16:05  Extractor  
  199  16:09  Extractor  
  185  16:39  Hydralisk x12  
  191  16:53  Hydralisk x4  
  197  16:57  Lair  
  197  16:58  Lair x2  
  197  17:44  Corruptor  
Tags
 
Composition
MechRoach Hydra
Matchup
TvZ
Replay Pack
10.7.19
Spawn Locations
Cross Positions
Add a new tag
Caveats
  • Supply blocks, unpowered buildings, or Contaminate may cause inaccurate times.
  • Supply counts are checked every 10 seconds.